 Dungeon Crawl Stone Soup version 0.32-a0-361-g289a535e89 (webtiles) character file.

Game seed: 9133349712941631229

48 ytrimaz the Cudgeller (level 3, 0/28 HPs)
             Began as a Coglin Gladiator on Feb 19, 2024.
             Slain by a kobold
             ... wielding a +1 short sword of electrocution
              (2 damage)
             ... on level 1 of the Dungeon.
             The game lasted 00:01:00 (763 turns).

ytrimaz the Cudgeller (Coglin Gladiator)             Turns: 763, Time: 00:01:01

Health: 0/28       AC:  4    Str: 16    XL:     3   Next: 72%
Magic:  3/3        EV: 12    Int:  7    God:
Gold:   8          SH:  0    Dex: 15    Spells: 2/2 levels left

rFire   . . .        a - +0 flail {Javier}
rCold   . . .        (no shield)
rNeg    . . .        b - +0 leather armour
rPois   .            c - +0 helmet
rElec   .            (no cloak)
rCorr   .            (no gloves)
SInv    .            (no boots)
Will    .....        (no amulet)
Stlth   +            (no ring)
HPRegen 0.24/turn    (no ring)
MPRegen 0.08/turn

%: no passive effects
@: revved, stiff-legged, very slow
A: off-hand wielding, slow wielding, warmup strikes, warmup strides
a: no special abilities


You were on level 1 of the Dungeon.
You visited 1 branch of the dungeon, and saw 1 of its levels.

You collected 8 gold pieces.


Innate Abilities, Weirdness & Mutations

You can wield a second weapon in your off-hand.
It takes a long time for you to wield or remove held weapons.
Your first few attacks do less damage.
Your first movements take longer.


   Skills:
 + Level 2.8 Fighting
 + Level 3.2 Maces & Flails
 - Level 1.7 Throwing
 + Level 1.4 Armour
 - Level 2.6 Dodging


You had 2 spell levels left.
You didn't know any spells.
Your spell library was empty.

Inventory:

Hand Weapons
 a - a +0 flail (weapon) {Javier}
Missiles
 d - 3 throwing nets (quivered)
 e - a javelin
Armour
 b - a +0 leather armour (worn)
 c - a +0 helmet (worn)
Jewellery
 j - a ring of willpower
   (You found it on level 1 of the Dungeon)
Scrolls
 f - a scroll of enchant armour {unknown}
 h - a scroll of noise {unknown}
 k - a scroll of silence {unknown}
 l - a scroll of poison {unknown}
Potions
 g - a potion of enlightenment {unknown}
 i - a potion of heal wounds {unknown}

Dungeon Overview and Level Annotations

Branches:
Dungeon (1/15) Zot: 5171

Altars:

.##......#.......##...#...#.....#
.#####...##......####.###.#######
.'...+...+.......##...# #........
.#####...#..####.##.### #########
.........+.............
#####....####....#### ..........#
####..##### #.#.......# #......#
..###.###.######@##.....
.......#.......#KB......
..........####.#.......#
.......)............:..#
.#####.#######.####+####
.............#.####+##
...###.......#.......# .....
.......#######.......###....##
...#........†........#........


You could see a giant cockroach and a kobold.


Message History

You miss the frilled lizard. The frilled lizard bites you.
You sock the frilled lizard!
You kill the frilled lizard!
The endoplasm barely misses you.
The endoplasm hits you but does no damage.
The endoplasm freezes you.
You are frozen.
You see here a frilled lizard corpse.
You hit the endoplasm but do no damage. The endoplasm freezes you.
You are frozen. 😕 HP[-1]
You take 1 damage, and now have 25/28 hp.
The endoplasm freezes you.
You are frozen.
The endoplasm freezes you.
You are frozen.
You are too injured to fight recklessly! 😮 HP[-8]
You take 8 damage, and now have 17/28 hp.
MASSIVE DAMAGE!! (PAUSE)
You are too injured to fight recklessly!
You barely miss the endoplasm. The endoplasm hits you.
The endoplasm closely misses you.
You are too injured to fight recklessly! 😮 HP[-1]
You take 1 damage, and now have 16/28 hp.
Unknown command.
You sock the endoplasm!
You kill the endoplasm!
Unknown command. 😮 HP[+1]
You open the door.
You see here a frilled lizard corpse.
As you open the door, it creaks loudly! 😎 HP[+11]
Your hp is fully restored (28).
A quokka comes into view.
There is an open door here.
A quokka is nearby!
A quokka is nearby!
You see here a +0 chain mail.
The quokka bites you. 😕 HP[-2]
You take 2 damage, and now have 26/28 hp.
You thump the quokka!
You kill the quokka!
Unknown command. 😕 HP[+1] No target in view!
No target in view!
Unknown command.
A kobold comes into view. It is wielding a +0 whip.
The kobold shouts!
The kobold throws a stone.
The stone hits you but does no damage. 😎 HP[+1]
Your hp is fully restored (28).
A kobold is nearby!
A kobold is nearby!
The kobold throws a stone.
The stone hits you but does no damage.
You hit the kobold. The kobold closely misses you.
You sock the kobold!
You kill the kobold!
Things that are here:
a +0 whip; a stone; a kobold corpse No target in view!
Things that are here:
a +0 whip; a stone; a kobold corpse Key pressed, stopping explore.
Unknown command.
Key pressed, stopping explore.
Key pressed, stopping explore.
No target in view!
Key pressed, stopping explore.
No target in view!
Key pressed, stopping explore.
No target in view!
Key pressed, stopping explore.
No target in view!
A kobold comes into view.
It is wielding a +1 short sword of electrocution.
The kobold shouts!
A kobold is nearby!
A kobold is nearby!
A giant cockroach comes into view.
There are monsters nearby!
The kobold hits you but does no damage.
You closely miss the kobold. The kobold closely misses you.
You hit the kobold but do no damage.
The kobold hits you with a +1 short sword of electrocution. 😕 HP[-4]
You take 4 damage, and now have 24/28 hp.
You miss the kobold.
The kobold hits you with a +1 short sword of electrocution.
You are electrocuted!!
Ouch! That really hurt!
* * * LOW HITPOINT WARNING * * *
The giant cockroach bites you.
* * * LOW HITPOINT WARNING * * *
The kobold hits you with a +1 short sword of electrocution.
You die...

Skill      XL: |  1  2 |
---------------+-------+-----
Maces & Flails | 3 |  3.2
Armour         | 1 |  1.4
Fighting       | |  2.8
Throwing       | |  1.7
Dodging        | |  2.6

Action                     || total
---------------------------++-------
  Melee: Flail             ||    77
   Stab: Sleeping          ||     1
 Armour: Leather armour    ||    61
  Dodge: Dodged            ||    71

Levels and vault maps discovered:
D:1:      elethiomel_arrival_maze, layout_basic

Notes
Turn   | Place    | Note
-------+----------+-------------------------------------------
     0 | D:1      | ytrimaz the Coglin Gladiator began the quest for the Orb.
     0 | D:1      | Reached XP level 1. HP: 16/16 MP: 1/1
     0 | D:1      | magus.rc [v1.9.6]
   112 | D:1      | Reached XP level 2. HP: 22/22 MP: 2/2
   175 | D:1      | Reached skill level 3 in Maces & Flails
   197 | D:1      | Reached skill level 1 in Armour
   329 | D:1      | Reached XP level 3. HP: 28/28 MP: 3/3
   763 | D:1      | HP: 3/28 [kobold/+1 short sword of electrocution (20)]
   763 | D:1      | Slain by a kobold

Vanquished Creatures
  A ball python (D:1)
  2 bats (D:1)
  7 endoplasms (D:1)
  A giant cockroach (D:1)
  2 goblins (D:1)
  2 hobgoblins (D:1)
  2 quokkas (D:1)
  2 frilled lizards (D:1)
  6 kobolds (D:1)
  A rat (D:1)
26 creatures vanquished.

Table legend:
 A = Non-vault XP
 B = Vault XP
 C = Vault XP percentage of total XP
 D = Non-vault monster count
 E = Vault monster count
 F = Vault count percentage of total count
                 A         B        C        D         E       F
            +---------+---------+-------+---------+---------+-------
      Total |      69 |       0 |   0.0 |      26 |       0 |   0.0
            +---------+---------+-------+---------+---------+-------
        D:1 |      69 |       0 |   0.0 |      26 |       0 |   0.0
            +---------+---------+-------+---------+---------+-------

Skill      XL: |  1  2 |
---------------+-------+-----
Maces & Flails | 3 |  3.2
Armour         | 1 |  1.4
Fighting       | |  2.8
Throwing       | |  1.7
Dodging        | |  2.6

Action                     || total
---------------------------++-------
  Melee: Flail             ||    77
   Stab: Sleeping          ||     1
 Armour: Leather armour    ||    61
  Dodge: Dodged            ||    71

Illustrated notes

Table legend:
 A = Kills in this place as a percentage of kills in the entire game.
 B = Kills by you in this place as a percentage of kills by you in the entire game.
 C = Kills by friends in this place as a percentage of kills by friends in the entire game.
 D = Other kills in this place as a percentage of other kills in the entire game.
 E = Experience gained in this place as a percentage of experience gained in the entire game.
 F = Experience gained in this place divided by the number of levels of this place that you have seen.
                   A       B       C       D       E      F
               +-------+-------+-------+-------+-------+----------------------
         Total | 100.0 | 100.0 |   N/A |   N/A | 100.0 |  69.0
       Dungeon | 100.0 | 100.0 |   N/A |   N/A | 100.0 |  69.0
               +-------+-------+-------+-------+-------+----------------------

Table legend: (Time is in decaauts)
 A = Elapsed time spent in this place.
 B = Non-inter-level travel time spent in this place.
 C = Inter-level travel time spent in this place.
 D = Time resting spent in this place.
 E = Time spent auto-exploring this place.
 F = Levels seen in this place.
 G = Mean time per level.
                   A        B        C        D        E       F      G
               +--------+--------+--------+--------+--------+-----+--------+
         Total |    827 |    827 |      0 |      0 |    592 |   1 |  827.0 |
       Dungeon |    827 |    827 |      0 |      0 |    592 |   1 |  827.0 |
               +--------+--------+--------+--------+--------+-----+--------+

Top non-repeatable levels by time:
     D:1: 827 daAuts
